 Dungeon Crawl Stone Soup version 0.25-a0-35-g747a2b3c0c (webtiles) character file.

Game seed: 11504563389943580326, levelgen mode: deterministic

142 Mort the Shooter (level 5, -1/46 HPs)
             Began as a Centaur Hunter on Oct 18, 2019.
             Slain by a killer bee (2 damage)
             ... on level 2 of the Dungeon.
             The game lasted 00:05:09 (1856 turns).

Mort the Shooter (Centaur Hunter)                   Turns: 1856, Time: 00:05:10

Health: -1/46      AC:  4    Str: 16    XL:     5   Next: 4%
Magic:  5/5        EV:  9    Int: 10    God:
Gold:   74         SH:  0    Dex:  9    Spells: 4/4 levels left

rFire    . . .     SeeInvis .   b - +0 short sword
rCold    . . .     Gourm    .   (no shield)
rNeg     . . .     Faith    .   c - +0 leather armour
rPois    .         Spirit   .   (no helmet)
rElec    .         Reflect  .   (no cloak)
rCorr    .         Harm     .   (no gloves)
MR       .....                  (no barding)
Stlth    +.........             (no amulet)
HPRegen  0.15/turn              (no ring)
MPRegen  0.09/turn              (no ring)

@: lethally poisoned (-1 -> -7), very quick
A: large, hooves 3, deformed body, speed 2, tough skin 3
a: no special abilities


You were on level 2 of the Dungeon.
You were not hungry.

You visited 1 branch of the dungeon, and saw 2 of its levels.

You collected 74 gold pieces.

Inventory:

Hand Weapons
 a - a +1 shortbow
 b - a +0 short sword (weapon)
Missiles
 d - 18 arrows
Armour
 c - a +0 leather armour (worn)
Jewellery
 g - a +3 ring of intelligence {unknown}
 h - an uncursed amulet of regeneration
Scrolls
 e - a scroll of identify
 i - a scroll of teleportation
 l - a scroll of random uselessness {unknown}
 n - a scroll of remove curse {unknown}
Potions
 j - a potion of heal wounds {unknown}
 k - a potion of flight {unknown}
 m - a potion of agility {unknown}
 o - a potion of curing {unknown}
Comestibles
 f - 5 rations


   Skills:
 + Level 3.9 Fighting
 + Level 7.0 Bows
 - Level 1.3 Dodging
 - Level 0.4 Stealth


You had 4 spell levels left.
You didn't know any spells.
Your spell library was empty.

Dungeon Overview and Level Annotations

Branches:
Dungeon (2/15)

Altars:
Ashenzari


Innate Abilities, Weirdness & Mutations

You have hooves in place of feet.
Armour fits poorly on your strangely shaped body.
You cover ground very quickly.
You have extremely tough skin. (AC +3)


Message History

You puncture the goblin!
You kill the goblin!
Things that are here:
a +0 hunting sling; 17 stones; a goblin corpse The killer bee stings you!
You see here a stone.
The killer bee stings you.
* * * LOW HITPOINT WARNING * * *
The killer bee closely misses you.
You see here a stone.
You see here 2 stones.
The killer bee stings you.
* * * LOW HITPOINT WARNING * * *
There is a stone staircase leading down here.
Unknown command.
You completely miss the killer bee. The killer bee stings you!
* * * LOW HITPOINT WARNING * * *
You are lethally poisoned!
The killer bee poisons you! The killer bee stings you.
You die...

## #... #..# #..#
#..# #..# #..#
#####..#########
#.#.....(yyy@....#
#...)#..######._#
#.#.#.#..... ##.#
# ..y...### .#
...y.#.## .#
#.#..### .# #.#..#
.# #.#..# y#
#....# ##


You could see 3 killer bees.

Vanquished Creatures
  An ogre (D:2)
  An adder (D:2)
  A worm (D:2)
  3 dart slugs
  2 leopard geckos
  3 giant cockroaches
  6 goblins
  7 hobgoblins
  2 jackals (D:1)
  4 bats (D:1)
  2 kobolds
  5 rats
37 creatures vanquished.

Notes
Turn   | Place    | Note
-------+----------+-------------------------------------------
     0 | D:1      | Mort the Centaur Hunter began the quest for the Orb.
     0 | D:1      | Reached XP level 1. HP: 17/17 MP: 1/1
   255 | D:1      | Reached XP level 2. HP: 18/25 MP: 2/2
   844 | D:1      | Reached skill level 6 in Bows
   910 | D:1      | Reached XP level 3. HP: 28/30 MP: 3/3
  1477 | D:2      | Noticed an ogre
  1515 | D:2      | Killed an ogre
  1515 | D:2      | Reached skill level 7 in Bows
  1515 | D:2      | Reached XP level 4. HP: 21/40 MP: 4/4
  1515 | D:2      | Reached XP level 5. HP: 24/46 MP: 5/5
  1723 | D:2      | Found a shattered altar of Ashenzari.
  1856 | D:2      | HP: 1/46 [killer bee (8)]
  1856 | D:2      | Slain by a killer bee

Levels and vault maps discovered:
D:1:      tarquinn_simple_flora_water_f, layout_basic
D:2:      layout_loops_ring, overflow_temple_1_default, uniq_jessica

Skill      XL: |  1  2  3 |
---------------+----------+-----
Bows           | 6 7 |  7.0
Fighting       | 3 |  3.9
Dodging        | |  1.3
Stealth        | |  0.4

Action                   |  1- 3 |  4- 6 || total
-------------------------+-------+-------++-------
Melee: Short sword       |    83 |     4 ||    87
       Kick              |    10 |       ||    10
 Fire: Shortbow          |    56 |     3 ||    59
  Use: Scroll            |       |     2 ||     2
  Eat: Chunk             |     1 |     1 ||     2
Armor: Leather armour    |    40 |       ||    40
Dodge: Dodged            |    55 |     8 ||    63

Table legend:
 A = Non-vault XP
 B = Vault XP
 C = Vault XP percentage of total XP
 D = Non-vault monster count
 E = Vault monster count
 F = Vault count percentage of total count
                 A         B        C        D         E       F
            +---------+---------+-------+---------+---------+-------
      Total |     204 |       0 |   0.0 |      37 |       0 |   0.0
            +---------+---------+-------+---------+---------+-------
        D:1 |      44 |       0 |   0.0 |      23 |       0 |   0.0
        D:2 |     160 |       0 |   0.0 |      14 |       0 |   0.0
            +---------+---------+-------+---------+---------+-------
